AoeStats
← vfbjakob123

Arabia

509413699Analyzed
2v2 RM · 6d ago on Sep 26, 2026· 36m 30s· 4 players
Game mode
Random Map
Map size
Medium (4 player)
Population
200
Speed
Normal
Resources
Standard
Victory
Conquest
Starting age
Dark Age
Ending age
Imperial Age
RankedLock teamsTeams togetherTeam positionsShared explorationLock speedFull tech treeHidden civsTurbo modeCheats
Victory
Defeat
🇩🇪 Cumans · Germany
930
+15
🇩🇪 Poles · Germany
926
+16
🇺🇸 Poles · United States
1133
-24
🇺🇸 Huns · United States
699
-7
-={DKNG}=-Madskillz61983
12:14 Feudal Age
17:50 Castle Age
19:08 Light Cavalry
20:28 Loom
21:43 Horse Collar
23:32 Wheelbarrow
23:22 Bloodlines
30:55 Husbandry
33:12 Scale Barding Armor
Ayyaahh
9:53 Feudal Age
11:16 Wheelbarrow
10:29 Double-Bit Axe
10:26 Horse Collar
17:37 Castle Age
18:33 Hand Cart
18:30 Bow Saw
19:16 Heavy Plow
19:45 Forging
19:40 Scale Barding Armor
20:39 Loom
23:20 Gold Mining
25:12 Iron Casting
24:57 Chain Barding Armor
25:00 Husbandry
25:43 Bloodlines
25:12 Light Cavalry
26:22 Pikeman
27:03 Squires
vfbjakob123
11:30 Feudal Age
15:06 Castle Age
13:47 Double-Bit Axe
13:53 Horse Collar
18:45 Bow Saw
19:26 Loom
21:27 Heavy Plow
22:50 Scale Barding Armor
23:39 Husbandry
23:50 Bloodlines
28:04 Stone Mining
28:04 Gold Mining
28:22 Scale Mail Armor
28:36 Forging
28:47 Chain Barding Armor
34:08 Pikeman
35:51 Stone Shaft Mining
36:50 Scale Mail Armor
37:26 Iron Casting
Peter_Lustig
6:46 Loom
9:47 Feudal Age
10:25 Double-Bit Axe
10:23 Horse Collar
12:24 Wheelbarrow
16:47 Town Watch
20:56 Castle Age
20:47 Bloodlines
21:38 Scale Barding Armor
21:44 Forging
21:56 Bow Saw
22:05 Heavy Plow
24:39 Chain Barding Armor
25:08 Gold Mining
25:29 Stone Mining
33:30 Imperial Age
32:22 Iron Casting
34:21 Cavalier
36:50 Blast Furnace
35:39 Light Cavalry
37:29 Plate Barding Armor
Connection lost

Rejoining the realm…

Still unreachable

The connection could not be restored.

Session expired

The server has moved on; the page needs a fresh start.